 Dungeon Crawl Stone Soup version 0.30-a0-722-g3e6e8c874d (webtiles) character file.

Game seed: 11341760500210399114

32 ASSMAN the Chopper (level 3, -2/43 HPs)
             Began as a Barachi Berserker on Jan 28, 2023.
             Was a Follower of Trog.
             Killed from afar by Sigmund (9 damage)
             ... with a puff of flame
             ... on level 2 of the Dungeon.
             The game lasted 00:01:10 (921 turns).

ASSMAN the Chopper (Barachi Berserker)               Turns: 921, Time: 00:01:11

Health: -2/43      AC:  6    Str: 20    XL:     3   Next: 25%
Magic:  3/3        EV: 10    Int:  7    God:    Trog [*.....]
Gold:   41         SH:  0    Dex: 11    Spells: 2/2 levels left

rFire   . . .      SeeInvis .    a - +0 hand axe
rCold   . . .      Faith    .    (no shield)
rNeg    . . .      Spirit   .    h - +0 scale mail
rPois   .          Reflect  .    (no helmet)
rElec   .          Harm     .    (no cloak)
rCorr   .          Rampage  .    (no gloves)
Will    .....                    (no boots) Stlth
                                 (no amulet)
HPRegen 0.27/turn                (no ring)
MPRegen 0.08/turn                (no ring)

@: berserking (expiring), quick
A: amphibious, slowness 1, strong legs 1, +LOS
a: Hop, Renounce Religion, Berserk


You were on level 2 of the Dungeon.
You worshipped Trog.
Trog was aware of your devotion.
You visited 1 branch of the dungeon, and saw 2 of its levels.

You collected 41 gold pieces.

Inventory:

Hand Weapons
 a - a +0 hand axe (weapon)
Armour
 h - a +0 scale mail (worn)
Scrolls
 c - a scroll of blinking {unknown}
 f - a scroll of magic mapping {unknown}
 g - 2 scrolls of identify {unknown}
Potions
 d - a potion of brilliance {unknown}
 e - 2 potions of flight {unknown}


   Skills:
 - Level 3.6 Fighting
 + Level 4.7 Axes
 - Level 2.4 Armour
 - Level 2.1 Dodging


You had 2 spell levels left.
You didn't know any spells.
Your spell library contained the following spells:

 Spells                   Type           Power      Damage    Failure   Level
 Sting                    Tmut/Pois      0%         1d3       80%         1
 Poisonous Vapours        Pois/Air       0%         N/A       90%         2
 Olgreb's Toxic Radiance  Pois           0%         N/A       100%        4


Dungeon Overview and Level Annotations

Branches:
Dungeon (2/15)

Altars:

Annotations:
D:2 Sigmund


Innate Abilities, Weirdness & Mutations

You are amphibious.
You cover ground slowly.
You can hop short distances.
You have an extended range of vision and can be seen from far away.


Message History

No target in view!
No target in view!
No target in view!
You see here a rat corpse.
A goblin and Sigmund come into view.
The goblin is wielding a +0 dagger of pain.
Sigmund is wielding a +0 scythe and carrying a wand of flame (17).
The goblin shouts!
You hear a shout!
You hear a bark!
Sigmund zaps a wand.
The puff of flame hits you.
The goblin moves out of view.
Sigmund is nearby!
Sigmund is nearby!
Sigmund laughs darkly.
You fail to use your ability.
Sigmund closely misses you.
A red film seems to cover your vision as you go berserk!
You feel yourself moving faster!
You feel mighty!
Sigmund mumbles some strange words.
Sigmund flickers and vanishes!
Deactivating autopickup; reactivate with Ctrl-A.
You feel a strong urge to attack something.
You hear a zap.
A puff of flame appears from out of thin air!
The puff of flame hits you.
You slash something! You closely miss something. Something hits you!
You miss something. You miss something. Something hits you.
You slash something! You miss something. Something hits you!
You miss something. You barely miss something. Something hits you!
* * * LOW HITPOINT WARNING * * *
You closely miss something. You completely miss something.
You hear a zap.
A puff of flame appears from out of thin air!
The puff of flame hits you but does no damage.
You miss something.
You hear a zap.
A puff of flame appears from out of thin air!
The puff of flame hits you!
You die...

######.÷...#
#.#.#.#
#######...#.#
#...........#
#...........#####
#........[.>....#
#.........†.###.#
.....##.###.#.#
#.# .. . #@#...#.#
#.# #{#.###.# #.#
#.#.###.# #.#
#.#.....# #.#
..####### #.# ###
#.# #.#####
#.....#
################.#


There were no monsters in sight!

Vanquished Creatures
  An adder (D:2)
  3 dart slugs
  An endoplasm (D:2)
  4 hobgoblins
  A ball python (D:1)
  2 bats (D:1)
  2 frilled lizards (D:1)
  2 kobolds (D:1)
  4 rats
20 creatures vanquished.

Notes
Turn   | Place    | Note
-------+----------+-------------------------------------------
     0 | D:1      | ASSMAN the Barachi Berserker began the quest for the Orb.
     0 | D:1      | Reached XP level 1. HP: 18/18 MP: 1/1
   270 | D:1      | Reached XP level 2. HP: 24/24 MP: 2/2
   503 | D:1      | Reached skill level 4 in Axes
   656 | D:1      | Found a faded altar of an unknown god.
   804 | D:2      | Reached XP level 3. HP: 26/29 MP: 3/3
   906 | D:2      | Noticed Sigmund
   921 | D:2      | Killed from afar by Sigmund

Illustrated notes

Levels and vault maps discovered:
D:1:      amcnicky_arrival_wind_blow, layout_loops_ring,
          shapermc_ecumenical_altar_mp_vishouse
D:2:      layout_basic, uniq_terence, uniq_robin, uniq_sigmund

Skill      XL: |  1  2 |
---------------+-------+-----
Axes           | 4 |  4.7
Fighting       | |  3.6
Armour         | |  2.4
Dodging        | |  2.1

Action                     || total
---------------------------++-------
  Melee: Hand axe          ||    77
         Punch             ||     2
 Invoke: Berserk           ||     1
 Armour: Animal skin       ||     5
         Scale mail        ||    17
  Dodge: Dodged            ||    37

Table legend: (Time is in decaauts)
 A = Elapsed time spent in this place.
 B = Non-inter-level travel time spent in this place.
 C = Inter-level travel time spent in this place.
 D = Time resting spent in this place.
 E = Time spent auto-exploring this place.
 F = Levels seen in this place.
 G = Mean time per level.
                   A        B        C        D        E       F      G
               +--------+--------+--------+--------+--------+-----+--------+
         Total |   1072 |   1043 |     29 |      0 |    870 |   2 |  536.0 |
       Dungeon |   1072 |   1043 |     29 |      0 |    870 |   2 |  536.0 |
               +--------+--------+--------+--------+--------+-----+--------+

Top non-repeatable levels by time:
     D:1: 798 daAuts
     D:2: 274 daAuts
